 Dungeon Crawl Stone Soup version 0.29-a0-337-g68df138881 (webtiles) character file.

Game seed: 17086021105939893529

14522 Fascinator the Fighter (level 11, -5/95 HPs)
             Began as a Demonspawn Abyssal Knight on Apr 16, 2022.
             Was a High Priest of Lugonu.
             Slain by an orc knight
             ... wielding a +6 battleaxe
              (14 damage)
             ... on level 2 of the Orcish Mines.
             The game lasted 01:48:16 (10814 turns).

Fascinator the Fighter (Demonspawn Abyssal Knight) Turns: 10814, Time: 01:48:46

Health: -5/95      AC: 30    Str: 17    XL:     11   Next: 89%
Magic:  12/19      EV: 14    Int: 13    God:    Lugonu [*****.]
Gold:   1183       SH:  0    Dex: 15    Spells: 10/10 levels left

rFire   . . .      SeeInvis .   N - +12 spear "Dodejelumn" {drain, Contam *Rage rElec rN+++}
rCold   . . .      Faith    .   h - orb {*Rage}
rNeg    + + +      Spirit   .   q - +18 Lear's hauberk
rPois   .          Reflect  .   (helmet currently unavailable)
rElec   +          Harm     .   u - +0 cloak
rCorr   .          Rampage  .   (gloves currently unavailable)
Will    .....      Rage     40% (boots currently unavailable)
Stlth   ..........              (no amulet)
HPRegen 0.25/turn               c - +4 ring of slaying
MPRegen 0.16/turn               d - +4 ring of evasion

@: about to teleport
A: hooves 2, thin skeletal structure 1, powered by death 2, spiny 1
a: Renounce Religion, Depart the Abyss, Bend Space, Banish, Corrupt, Enter the
Abyss


You were on level 2 of the Orcish Mines.
You worshipped Lugonu.
Lugonu was extremely pleased with you.
You visited 2 branches of the dungeon, and saw 12 of its levels.
You visited the Abyss 1 time.
You also visited: Ossuary.

You collected 1183 gold pieces.

Inventory:

Hand Weapons
 n - a +1 whip of flaming
 s - a +1 rapier of electrocution
 C - a +0 hand crossbow
 N - the +12 spear "Dodejelumn" (weapon) {drain, Contam *Rage rElec rN+++}
   (You found it on level 9 of the Dungeon)

   A truly terrible weapon, it drains the life of any living foe it strikes.
   rElec:     It insulates you from electricity.
   rN:        It renders you almost immune to negative energy.
   *Rage:     It berserks you when you make melee attacks (+20% chance).
   Contam:    It causes magical contamination when unequipped.
Missiles
 t - a throwing net
 D - 36 poisoned darts
 E - 9 curare-tipped darts
Armour
 f - a +0 helmet
 h - an orb of wrath (worn)
 q - the +18 Lear's hauberk (worn)
   (You found it on level 2 of the Dungeon)
 u - a +0 cloak (worn)
Jewellery
 c - a +4 ring of slaying (left hand)
 d - a +4 ring of evasion (right hand)
 v - a ring of ice
 K - an amulet of faith
 M - a +4 ring of evasion
 V - a ring of ice
Wands
 F - a wand of charming (11)
 H - a wand of flame (15)
 P - a wand of digging (1)
 U - a wand of paralysis (4)
Scrolls
 b - 4 scrolls of magic mapping
 j - 3 scrolls of identify
 r - a scroll of amnesia
 y - a scroll of holy word
 z - 3 scrolls of teleportation
 G - a scroll of acquirement {unknown}
 I - a scroll of torment
 L - a scroll of noise {unknown}
 Q - a scroll of enchant weapon {unknown}
 R - 4 scrolls of immolation
 T - a scroll of enchant armour {unknown}
Potions
 a - 3 potions of attraction {unknown}
 e - 9 potions of curing
 g - 5 potions of flight
 i - 2 potions of mutation {unknown}
 k - 2 potions of haste {unknown}
 l - 3 potions of heal wounds
 m - 3 potions of might
 o - 2 potions of cancellation {unknown}
 p - a potion of resistance
 w - 5 potions of lignification {unknown}
 x - a potion of berserk rage {unknown}
 A - a potion of invisibility {unknown}
 B - a potion of ambrosia {unknown}
 J - a potion of magic {unknown}
 O - a potion of degeneration {unknown}
 S - a potion of brilliance {unknown}


   Skills:
 * Level 12.0 Fighting
 - Level 1.8 Long Blades
 + Level 3.5 Polearms
 + Level 7.6 Armour
 + Level 7.4 Dodging
 + Level 10.8 Invocations
 + Level 5.5 Evocations


You had 10 spell levels left.
You didn't know any spells.
Your spell library contained the following spells:

 Spells                   Type           Power      Damage    Failure   Level
 Ensorcelled Hibernation  Hex/Ice        0%         N/A       99%         2
 Scorch                   Fire           0%         2d5       99%         2
 Call Canine Familiar     Summ           0%         N/A       100%        3
 Portal Projectile        Hex/Tloc       0%         N/A       100%        3
 Spider Form              Tmut/Pois      0%         N/A       100%        3
 Anguish                  Hex/Necr       0%         N/A       100%        4
 Animate Dead             Necr           0%         N/A       100%        4
 Flame Wave               Conj/Fire      0%         2d4       100%        4
 Leda's Liquefaction      Hex/Erth       0%         N/A       100%        4
 Summon Cactus Giant      Summ           0%         N/A       100%        6
 Haunt                    Necr/Summ      0%         N/A       100%        7
 Infestation              Necr           0%         N/A       100%        8


Dungeon Overview and Level Annotations

Branches:
Dungeon (10/15)            Temple (0/1) D:5             Orc (2/2) D:10
    Elf (0/3) Orc:2       Ossuary (visited)
   Lair: D:8-11

Altars:
Zin
Beogh

Annotations:
D:9 corrupted
Orc:2 corrupted


Innate Abilities, Weirdness & Mutations

You have hoof-like feet.
You have a somewhat thin skeletal structure. (Dex +2, Stealth+)
You regenerate health from kills.
You are partially covered in sharp spines.


Message History

The orc knight hits you with a +6 battleaxe.
* * * LOW HITPOINT WARNING * * *
The orc knight barely misses the efreet.
The worldbinder calls forth creatures from the Spider Nest!
The wind drake begins repelling missiles!
The reaper barely misses the orc priest.
The ice devil closely misses you.
Tentacles burst from the starspawn's body!
The hellwing swoops through the air toward the chaos spawn!
The hellwing hits the chaos spawn.
The hellwing barely misses the chaos spawn.
The chaos spawn is struck by your spines.
The chaos spawn closely misses you.
The efreet hits the orc warrior with a +4 scimitar of flaming!!
The efreet burns the orc warrior.
The tentacled starspawn bites the orc priest!!
The orc priest dies!
The ynoxinul hits the chaos spawn but does no damage.
The neqoxec hits the tentacled starspawn!
The neqoxec hits the orc warrior!
The orc warrior dies!
The white imp gestures at the orc warrior.
The puff of frost hits the orc warrior.
The smoke demon hits the orc warrior.
The smoke demon hits the orc warrior but does no damage.
The smoke demon closely misses the orc warrior. 2 starspawn tentacles come into view.
You hit the orc sorcerer but do no damage.
You drain the orc sorcerer.
You kick the orc sorcerer, but do no damage.
The orc sorcerer is moderately wounded.
The flying skull barely misses the chaos spawn.
The orc barely misses the thrashing horror.
The orc sorcerer barely misses you.
The orc priest invokes the aid of Beogh against you.
Beogh smites you!
* * * LOW HITPOINT WARNING * * *
The orc sorcerer is struck by your spines.
The orc sorcerer misses you.
The orc knight hits you with a +6 battleaxe!
You die...

#.## ####### ...#
##.#.#5## ...##
#..3....### . ....##
##.....#..# .. .....##
##.....#.#D ...
...##.###....V....# ....
.......##.....z.4w#w....
.#.....#....#h34oRX3#...
.#)...........ko@4)3...#
###).........#.Xooo35.##
#.........#...#o5...##
#..........#..3...z...#
#............# .....X...
#...........###.....oxs.
.....#.......<#....2#...
...#.##...........#.....
...... #.....


You could see an orc knight (drained), an ice devil (summoned), a neqoxec
(summoned), a chaos spawn (summoned), 2 orc sorcerers, an orc warrior (strong),
an orc priest (strong), 2 orcs, a neutral bone dragon (summoned, distracted), 2
neutral tentacled starspawn, a neutral reaper (summoned, distracted), a neutral
wind drake (summoned, repels missiles, distracted), a neutral wolf spider
(summoned, distracted), a neutral thrashing horror (summoned), a neutral
hellwing (summoned, distracted), a neutral worldbinder (summoned, distracted), a
neutral smoke demon (summoned, distracted), a neutral efreet (summoned,
distracted), 2 neutral neqoxecs, 2 neutral ynoxinuls, a neutral vampire
(summoned, distracted), a neutral hell hound (summoned, distracted), 2 neutral
starspawn tentacles, a neutral flying skull (summoned, distracted), a neutral
wight (summoned, distracted), a neutral quasit (summoned, distracted) and 2
neutral white imps.

Vanquished Creatures
  Fannar (Orc:1)
  Erica (D:9)
  An orc high priest (Orc:2)
  An orc knight (Orc:1)
  A cyclops (D:10)
  Psyche (D:9)
  5 trolls
  3 hornets
  Sigmund (D:3)
  The ghost of MrShunz the Magician, an amateur DECj (D:4)
  2 wyverns
  7 yaks
  Grum (D:10)
  3 steam dragons
  2 vampire mosquitoes (D:10)
  4 wargs
  A water moccasin (D:9)
  4 sky beasts
  14 orc warriors
  2 black bears
  An ice beast (D:5)
  8 ogres
  3 wolves (D:10)
  A centaur (D:8)
  A phantom (D:7)
  Blork the orc (D:5)
  An elf zombie (Ossuary)
  4 gnoll sergeants (D:10)
  7 kobold brigands
  7 scorpions
  3 bullfrogs
  3 necrophages
  3 wights (D:8)
  6 howler monkeys
  3 jellies
  A human zombie (Ossuary)
  5 hounds
  11 orc priests
  A gnoll shaman (D:6)
  2 iguanas (D:6)
  9 orc wizards
  4 mummies (Ossuary)
  15 gnolls
  5 adders
  A shadow imp (D:7)
  3 white imps
  An adder zombie (Ossuary)
  3 worms
  A dart slug (D:4)
  52 orcs
  7 ball pythons
  5 bats
  9 endoplasms
  6 giant cockroaches
  12 goblins
  6 hobgoblins
  24 kobolds
  7 quokkas
  5 frilled lizards
  2 gnoll zombies (Ossuary)
  A goblin zombie (Ossuary)
  A hobgoblin zombie (Ossuary)
  A jackal zombie (Ossuary)
  2 kobold zombies (Ossuary)
  2 orc zombies (Ossuary)
  11 rats
323 creatures vanquished.

Vanquished Creatures (others)
  A steam dragon (D:9)
  An orc warrior (Orc:2)
  A bullfrog (D:9)
  An orc priest (Orc:2)
  2 orc wizards
  3 orcs (D:9)
9 creatures vanquished.

Grand Total: 332 creatures vanquished

Notes
Turn   | Place    | Note
-------+----------+-------------------------------------------
     0 | Abyss:1  | Fascinator the Demonspawn Abyssal Knight began the quest
                  | for the Orb.
     0 | Abyss:1  | Reached XP level 1. HP: 18/18 MP: 2/2
     5 | D:1      | Escaped the Abyss
   104 | D:1      | Reached skill level 1 in Dodging
   108 | D:1      | Gained mutation: You regenerate a little health from kills.
                  | [demonic ancestry]
   108 | D:1      | Reached XP level 2. HP: 15/24 MP: 3/3
   471 | D:1      | Found a faded altar of an unknown god.
   484 | D:1      | Gained mutation: You regenerate health from kills. [demonic
                  | ancestry]
   484 | D:1      | Reached XP level 3. HP: 30/30 MP: 5/5
   544 | D:1      | Reached *** piety under Lugonu
   860 | D:2      | Reached skill level 4 in Fighting
   941 | D:2      | Gained mutation: You have a somewhat thin skeletal
                  | structure. (Dex +2, Stealth+) [demonic ancestry]
   941 | D:2      | Reached XP level 4. HP: 37/37 MP: 6/6
  1182 | D:2      | Found the +18 Lear's hauberk
  1803 | D:3      | Noticed Sigmund
  1875 | D:3      | Killed Sigmund
  1876 | D:3      | Reached skill level 5 in Fighting
  1876 | D:3      | Reached XP level 5. HP: 44/44 MP: 6/8
  1876 | D:3      | Gained mutation: You have large cloven feet. [demonic
                  | ancestry]
  1876 | D:3      | Reached XP level 6. HP: 51/51 MP: 6/9
  2241 | D:3      | Reached **** piety under Lugonu
  2930 | D:4      | Found a runed translucent door.
  2936 | D:4      | Noticed MrShunz's ghost (amateur DECj)
  3621 | D:4      | Reached XP level 7. HP: 57/57 MP: 10/10
  3704 | D:4      | Reached skill level 5 in Invocations
  3708 | D:4      | Killed MrShunz's ghost
  3709 | D:4      | Reached skill level 6 in Fighting
  3763 | D:5      | Entered Level 5 of the Dungeon
  3835 | D:5      | Found a staircase to the Ecumenical Temple.
  3885 | D:5      | Found a sand-covered staircase.
  3892 | Ossuary  | Entered an ossuary
  3903 | Ossuary  | Reached XP level 8. HP: 65/65 MP: 12/12
  4153 | D:5      | Reached skill level 7 in Fighting
  4210 | D:5      | Noticed Blork the orc
  4219 | D:5      | Killed Blork the orc
  5267 | D:6      | Reached skill level 8 in Fighting
  5481 | D:6      | Gained mutation: You have hoof-like feet. [demonic
                  | ancestry]
  5481 | D:6      | Reached XP level 9. HP: 74/74 MP: 14/14
  5484 | D:6      | Reached skill level 5 in Armour
  5638 | D:6      | Reached ***** piety under Lugonu
  5639 | D:6      | Reached skill level 5 in Dodging
  6326 | D:7      | Reached skill level 9 in Fighting
  6348 | D:7      | Reached skill level 1 in Evocations
  7106 | D:8      | Gained mutation: You are partially covered in sharp spines.
                  | [demonic ancestry]
  7106 | D:8      | Reached XP level 10. HP: 66/83 MP: 16/16
  7793 | D:8      | Reached skill level 10 in Fighting
  8123 | D:9      | Noticed Erica
  8136 | D:9      | Killed Erica
  8257 | D:9      | Corrupted D:9
  8257 | D:9      | Noticed a smoke demon
  8257 | D:9      | Noticed a smoke demon
  8257 | D:9      | Noticed a large abomination
  8257 | D:9      | Noticed a worldbinder
  8257 | D:9      | Noticed a glowing orange brain
  8257 | D:9      | Noticed a bone dragon
  8257 | D:9      | Noticed an Executioner
  8258 | D:9      | Noticed a thrashing horror
  8259 | D:9      | Noticed a vault sentinel
  8260 | D:9      | Noticed a white very ugly thing
  8260 | D:9      | Noticed an ironbound thunderhulk
  8260 | D:9      | Noticed a vault sentinel
  8262 | D:9      | Noticed a large abomination
  8264 | D:9      | Noticed a starcursed mass
  8265 | D:9      | Noticed a large abomination
  8266 | D:9      | Noticed a starcursed mass
  8524 | D:9      | Identified the +12 spear "Dodejelumn" {drain, Contam *Rage
                  | rElec rN+++}
  9076 | D:9      | Noticed Psyche
  9085 | D:9      | Killed Psyche
  9133 | D:9      | Reached skill level 1 in Polearms
  9282 | D:10     | Entered Level 10 of the Dungeon
  9516 | D:10     | Noticed Grum
  9518 | D:10     | Reached XP level 11. HP: 92/92 MP: 18/18
  9522 | D:10     | Killed Grum
  9542 | D:10     | Reached skill level 11 in Fighting
  9566 | D:10     | Found a staircase to the Orcish Mines.
  9587 | D:10     | Reached skill level 10 in Invocations
 10062 | Orc:1    | Entered Level 1 of the Orcish Mines
 10062 | Orc:1    | Noticed an ettin
 10063 | Orc:1    | Banished an ettin
 10124 | Orc:1    | Noticed Fannar
 10139 | Orc:1    | Killed Fannar
 10140 | Orc:1    | Reached skill level 5 in Evocations
 10425 | Orc:1    | Noticed an orc knight
 10434 | Orc:1    | Killed an orc knight
 10672 | Orc:2    | Entered Level 2 of the Orcish Mines
 10673 | Orc:2    | Noticed an orc high priest
 10676 | Orc:2    | Noticed a soul eater
 10679 | Orc:2    | Reached ****** piety under Lugonu
 10691 | Orc:2    | Killed an orc high priest
 10701 | Orc:2    | Reached skill level 12 in Fighting
 10729 | Orc:2    | Found a staircase to the Elven Halls.
 10801 | Orc:2    | Noticed an orc sorcerer
 10801 | Orc:2    | Noticed an orc knight
 10802 | Orc:2    | Noticed an orc sorcerer
 10807 | Orc:2    | Paralysed by an orc sorcerer for 4 turns
 10812 | Orc:2    | Corrupted Orc:2
 10812 | Orc:2    | Noticed a reaper
 10812 | Orc:2    | Noticed a thrashing horror
 10812 | Orc:2    | Noticed a bone dragon
 10812 | Orc:2    | Noticed a tentacled starspawn
 10812 | Orc:2    | Noticed a tentacled starspawn
 10814 | Orc:2    | Noticed a wolf spider
 10814 | Orc:2    | Slain by an orc knight

Illustrated notes

Levels and vault maps discovered:
D:1:      dpeg_arrival_tiny_h, layout_rooms, ebering_ecumenical_altar_mist,
          nrook_uturn, hangedman_abyss_or_decor_stabs
D:2:      minmay_door_path, layout_loops_ring, grunt_ministairs_10
D:3:      layout_basic, uniq_sigmund
D:4:      layout_gridville, ebering_ghost_sewer_d
D:5:      layout_basic, minmay_temple_entry_slanted, enter_ossuary_3,
          uniq_blork_the_orc
D:6:      layout_loops_cross
D:7:      layout_loops_ring, dk_vineyard_3
D:8:      layout_loops_ring, lemuel_coloured_pillars_altar, grunt_ministairs_12
D:9:      layout_grid_maze, minmay_fractal_squares_gapless_5, uniq_erica,
          uniq_psyche
D:10:     layout_basic, kennysheep_orc_monster_closet_entryway,
          minmay_misc_feat_cross, uniq_grum
Orc:1:    layout_caves, uniq_fannar
Orc:2:    st_orc_pillars, layout_diamond_mine, basic_altar, serial_shops,
          bzr_firewalk

Skill      XL: |  1  2  3  4  5  6  7  8  9 10 11 |
---------------+----------------------------------+-----
Dodging        | 1 2 3 4 5 6 7 |  7.4
Armour         | 2 3 4 5 6 7 |  7.6
Fighting       | 4 5 6 8 9 10 12 | 12.0
Invocations    | 3 4 5 7 8 9 10 | 10.8
Evocations     | 2 4 5 |  5.5
Polearms       | 1 3 |  3.5
Long Blades    | |  1.8

Action                   |  1- 3 |  4- 6 |  7- 9 | 10-12 || total
-------------------------+-------+-------+-------+-------++-------
Melee: Falchion          |    82 |     7 |       |       ||    89
       Punch             |     1 |       |       |       ||     1
       Whip              |       |    15 |       |       ||    15
       Rapier            |       |    86 |   265 |    59 ||   410
       Kick              |       |    14 |    74 |    62 ||   150
       Spear             |       |       |       |   209 ||   209
Invok: Depart the Abyss  |     1 |       |       |       ||     1
       Corrupt           |       |       |       |     2 ||     2
       Banish            |       |       |       |     2 ||     2
  Use: Scroll            |       |       |    11 |     1 ||    12
 Stab: Sleeping          |     1 |       |       |       ||     1
Armor: Leather armour    |    24 |       |       |       ||    24
       Chain mail        |       |    63 |   183 |   143 ||   389
Dodge: Dodged            |    81 |    51 |   213 |   162 ||   507

Table legend: (Time is in decaauts)
 A = Elapsed time spent in this place.
 B = Non-inter-level travel time spent in this place.
 C = Inter-level travel time spent in this place.
 D = Time resting spent in this place.
 E = Time spent auto-exploring this place.
 F = Levels seen in this place.
 G = Mean time per level.
                   A        B        C        D        E       F      G
               +--------+--------+--------+--------+--------+-----+--------+
         Total |  11489 |  11153 |    336 |   3014 |   6227 |  14 |  820.6 |
       Dungeon |  10412 |  10096 |    316 |   2733 |   5712 |  10 | 1041.2 |
  Orcish Mines |    785 |    765 |     20 |    179 |    424 |   2 |  392.5 |
         Abyss |      5 |      5 |      0 |      0 |      0 |   1 |    5.0 |
       Ossuary |    286 |    286 |      0 |    101 |     91 |   1 |  286.0 |
               +--------+--------+--------+--------+--------+-----+--------+

Top non-repeatable levels by time:
     D:5: 1293 daAuts
     D:8: 1287 daAuts
     D:9: 1215 daAuts
     D:4: 1086 daAuts
     D:2: 1046 daAuts
     D:3: 979 daAuts
     D:6: 943 daAuts
     D:1: 925 daAuts
    D:10: 820 daAuts
     D:7: 815 daAuts
   Orc:1: 640 daAuts
 Ossuary: 286 daAuts
   Orc:2: 144 daAuts
 Abyss:1: 5 daAuts
